 Dungeon Crawl Stone Soup version 0.17.0-23-g0de4337 (webtiles) character file.

37860 JudasIscariot the Nimble (level 13, -6/117 HPs)
             Began as a Troll Monk on Nov 14, 2015.
             Was the Champion of Makhleb.
             Killed from afar by a fire drake (28 damage)
             ... with a blast of flame
             ... on level 8 of the Lair of Beasts on Nov 15, 2015.
             The game lasted 01:06:52 (15772 turns).

JudasIscariot the Nimble (Troll Monk)              Turns: 15772, Time: 01:06:52

Health: -6/117     AC: 11    Str: 23    XL:     13   Next: 60%
Magic:  18/18      EV: 20    Int:  6    God:    Makhleb [******]
Gold:   790        SH:  0    Dex: 17    Spells: 2 memorised, 13 levels left

rFire  . . .     SeeInvis +       - Unarmed
rCold  . . .     Clarity  .     D - +2 robe {MR+}
rNeg   + + .     SustAt   .     (no shield)
rPois  .         Gourm    +     i - +2 hat
rElec  +         Spirit   .     n - +1 cloak
rCorr  +         Warding  .     (gloves unavailable)
rMut   .         Stasis   .     (boots unavailable)
MR     +....                    S - amulet of resist corrosion
Stlth  +.........               N - ring "Sacukk" {rElec rN++ Dex+4 SInv Stlth-}
                                K - ring of wizardry

@: somewhat resistant to hostile enchantments, very unstealthy
A: unfitting armour, claws 3, horns 1, repulsion field 1, clumsy 1, fast
metabolism 3, frail 1, gourmand, high mp 1, regeneration 2, shaggy fur 1, tough
skin 2
a: Minor Destruction, Lesser Servant of Makhleb, Major Destruction, Greater
Servant of Makhleb, Renounce Religion


You were on level 8 of the Lair of Beasts.
You worshipped Makhleb.
Makhleb was exalted by your worship.
You were completely stuffed.

You visited 3 branches of the dungeon, and saw 20 of its levels.
You also visited: Ossuary and Ice Cave.

You collected 1312 gold pieces.
You spent 522 gold pieces at shops.

Inventory:

Hand Weapons
 E - a +1 giant spiked club
Armour
 a - a +0 robe
 i - a +2 hat (worn)
 n - a +1 cloak (worn)
 D - a +2 robe of magic resistance (worn)
Jewellery
 t - the ring of Pegoolif {Str+4 Dex+2}
   (You found it on level 6 of the Lair of Beasts)

   [ring of dexterity]

   It affects your strength (+4).
   It affects your dexterity (+2).
 u - an uncursed ring of ice
 y - a +2 ring of slaying
 K - a ring of wizardry (left claw)
 N - the ring "Sacukk" (right claw) {rElec rN++ Dex+4 SInv Stlth-}
   (You bought it in a shop on level 10 of the Dungeon)

   [ring of see invisible]

   It affects your dexterity (+4).
   It insulates you from electricity.
   It greatly protects you from negative energy.
   It lets you see invisible.
   It makes you less stealthy.
 S - an amulet of resist corrosion (around neck)
Wands
 j - a wand of disintegration (11)
 B - a wand of enslavement (18)
 I - a wand of enslavement (8)
 T - a wand of digging (21)
 U - a wand of slowing (15)
 Y - a wand of hasting (6)
Scrolls
 e - 8 scrolls of remove curse
 f - 3 scrolls of enchant armour
 m - 7 scrolls of teleportation
 s - 2 scrolls of amnesia
 w - 4 scrolls of blinking
 F - 4 scrolls of immolation
 G - 2 scrolls of magic mapping
 M - 2 scrolls of identify
 R - 3 scrolls of enchant weapon
Potions
 g - a potion of ambrosia
 h - 6 potions of magic
 k - 4 potions of cancellation
 q - 4 potions of brilliance
 r - 7 potions of curing
 x - a potion of cure mutation
 A - 2 potions of might
 L - a potion of flight
 Q - 2 potions of berserk rage
 V - 4 potions of resistance
 W - a potion of haste
Books
 d - a book of Clouds

   Spells                             Type                      Level
   a - Mephitic Cloud                 Conjuration/Poison/Air       3
   b - Conjure Flame                  Conjuration/Fire             3
   c - Poisonous Cloud                Conjuration/Poison/Air       6
   d - Freezing Cloud                 Conjuration/Ice/Air          6
   e - Ring of Flames                 Charms/Fire                  7
 z - an Akashic Record

   Spells                             Type                      Level
   a - Dispersal                      Translocation                6
   b - Malign Gateway                 Summoning/Translocation      7
   c - Disjunction                    Translocation                8
   d - Controlled Blink               Translocation                8
 J - a Fen Folio

   Spells                             Type                      Level
   a - Corpse Rot                     Necromancy                   2
   b - Stone Arrow                    Conjuration/Earth            3
   c - Leda's Liquefaction            Hexes/Earth                  4
   d - Summon Forest                  Summoning/Translocation      5
   e - Hydra Form                     Transmutation                6
   f - Summon Hydra                   Summoning                    7
 O - a book of Unlife

   Spells                             Type                      Level
   a - Recall                         Summoning/Translocation      3
   b - Animate Dead                   Necromancy                   4
   c - Control Undead                 Necromancy                   4
   d - Cigotuvi's Embrace             Necromancy                   5
   e - Death Channel                  Necromancy                   6
   f - Simulacrum                     Ice/Necromancy               6
 X - a book of Geomancy

   Spells                             Type                      Level
   a - Sandblast                      Earth                        1
   b - Stoneskin                      Transmutation/Earth          2
   c - Passwall                       Transmutation/Earth          3
   d - Stone Arrow                    Conjuration/Earth            3
   e - Petrify                        Transmutation/Earth          4
   f - Lee's Rapid Deconstruction     Earth                        5
 Z - a book of Frost

   Spells                             Type                      Level
   a - Freeze                         Ice                          1
   b - Throw Frost                    Conjuration/Ice              2
   c - Ozocubu's Armour               Charms/Ice                   3
   d - Throw Icicle                   Conjuration/Ice              4
   e - Summon Ice Beast               Ice/Summoning                4
   f - Condensation Shield            Ice                          4
Miscellaneous
 p - a plain deck of wonders
 P - a fan of gales
Comestibles
 b - 13 bread rations
 c - 6 meat rations
 l - 2 beef jerkies
 o - 12 chunks of flesh
 v - 4 slices of pizza
 C - 28 fruits
 H - a royal jelly


   Skills:
 - Level 8.9 Fighting
 - Level 12.4 Dodging
 - Level 1.1 Stealth
 - Level 12.2 Unarmed Combat
 * Level 3.3 Spellcasting
 + Level 0.3 Conjurations
 + Level 0.1 Transmutations
 * Level 3.4 Air Magic
 + Level 0.5 Earth Magic
 + Level 0.5 Poison Magic
 * Level 6.6 Invocations
 + Level 0.2 Evocations


You had 13 spell levels left.
You knew the following spells:

 Your Spells              Type           Power        Failure   Level  Hunger
a - Stoneskin             Trmt/Erth      #.......     24%         2    ###....
b - Mephitic Cloud        Conj/Pois/Air  #.......     36%         3    ####...


Dungeon Overview and Level Annotations

Branches:
Dungeon (11/15)            Temple (1/1) D:7            Lair (8/8) D:11
  Swamp (0/4) Lair:5        Snake (0/4) Lair:6        Slime (0/6) Lair:7
    Orc (0/4) D:11

Altars:
Ashenzari
Cheibriados
Dithmenos
Elyvilon
Fedhas
Gozag
Kikubaaqudgha
Makhleb
Nemelex Xobeh
Okawaru
Qazlal
Ru
Trog
Vehumet
Xom
Yredelemnul
Zin
The Shining One
Jiyva

Shops:
D:8 [   D:10 *

Annotations:
D:6 exclusion: statue


Innate Abilities, Weirdness & Mutations

You are too large for most types of armour.
You have claws for hands.
Your metabolism is lightning-fast.
You like to eat raw meat.
You heal very quickly.
You are covered in fur (AC +1).
You have very tough skin (AC +2).
You have a pair of small horns on your head.
You are surrounded by a mild repulsion field (EV +2).
You are clumsy. (Dex -2)
You are frail (-10% HP).
You have an increased reservoir of magic (+10% MP).


Message History

The fire drake is heavily wounded.
The fire drake bites you!
A fire drake comes into view.
You claw the fire drake! You headbutt the fire drake.
The fire drake is almost dead.
The komodo dragon misses you.
You enter the shallow water.
Moving in this stuff is going to be slow.
The komodo dragon barely misses you.
The fire drake bites you but does no damage. x2
The komodo dragon bites you!!
* * * LOW HITPOINT WARNING * * *
The fire drake bites you but does no damage.
The komodo dragon bites you!!
* * * LOW HITPOINT WARNING * * *
Drink which item? (? for menu, Esc to quit)
You feel better. The fire drake breathes flames at you.
The blast of flame hits you!
You die...

...#..#...## ..P###.....#
#### #...##...P.###..#
...###..P.PP.PP.##
....#...PPP..PPP.#
.........PPP.P.PP#♣
....P..PPPPP......♣♣♣♣
........PP......kP.!≈♣.≈≈
.....P..PP......@§§k≈≈≈≈.
PP..P#P.P........l≈♣♣.≈♣.
...P##...P.#.....≈♣♣
....##...........P♣
....##P..P#...P..###
.....#..PPP..........
.........PP..........P
........P....<.......?
....................PP


You could see a komodo dragon and a fire drake.

Vanquished Creatures
  Rupert (Lair:3)
  A catoblepas (Lair:3)
  4 death yaks (Lair:6)
  3 hill giants
  A necromancer (Lair:3)
  A griffon (Lair:4)
  An ugly thing (D:11)
  A centaur zombie (D:10)
  Joseph (D:7)
  3 black mambas
  2 gargoyles
  8 spiny frogs
  A troll (D:9)
  A kobold demonologist (D:11)
  5 komodo dragons
  A fire drake (Lair:7)
  2 polar bears (IceCv)
  The ghost of JudasIscariot the Chopper, an amateur DsBe of Trog (D:4)
  Grinder (D:6)
  Prince Ribbit (D:7)
  A slime creature (Lair:7)
  19 blink frogs
  Sigmund (D:6)
  A wyvern (Lair:6)
  2 deep elf magi
  30 yaks
  2 hungry ghosts
  2 wraiths (Ossuary)
  A deep elf fighter (D:11)
  3 hippogriffs
  6 basilisks
  23 wolves
  A steam dragon (D:11)
  A warg (D:11)
  17 water moccasins
  7 porcupines
  2 sky beasts (D:7)
  3 ice beasts
  3 phantoms
  A necrophage (D:7)
  2 orc warriors
  A wasp (D:11)
  6 ogres
  10 crocodiles
  3 centaurs
  A big kobold (D:9)
  14 giant frogs
  A water moccasin skeleton (D:6)
  2 wights (Ossuary)
  4 scorpions
  3 killer bees (D:11)
  2 jellies
  3 hounds
  A quasit (D:9)
  4 orc priests
  3 crimson imps
  3 giant frog skeletons
  3 human zombies (D:7)
  8 orc wizards
  Ijyb (D:2)
  A centaur skeleton (D:8)
  2 human skeletons (D:7)
  9 worker ants
  2 yak simulacra (Lair:3)
  4 iguanas
  A killer bee zombie (D:7)
  3 polar bear simulacra (Lair:3)
  5 sheep (Lair:7)
  4 wolf simulacra (Lair:3)
  A hound zombie (D:11)
  5 mummies
  2 worker ant zombies
  3 gnolls (D:7)
  11 adders
  86 river rats
  2 shadow imps
  2 oozes
  An adder zombie (Ossuary)
  2 worms
  3 giant geckos
  31 orcs
  17 bats
  3 bat zombies (D:2)
  7 giant cockroaches
  4 hobgoblins
  3 jackals (D:3)
  4 quokkas
  3 ball pythons
  7 giant newts
  3 goblins (D:2)
  A hobgoblin skeleton (Ossuary)
  3 hobgoblin zombies
  6 kobolds
  2 kobold zombies (Ossuary)
  3 orc skeletons (Ossuary)
  4 orc zombies
  A quokka skeleton (D:5)
  A quokka zombie (D:5)
  12 rats
  2 rat zombies (D:2)
  2 river rat simulacra (Lair:3)
  2 plants (D:11)
511 creatures vanquished.

Vanquished Creatures (collateral kills)
  2 river rats (D:11)
  A rat (D:11)
3 creatures vanquished.

Vanquished Creatures (others)
  A yak (IceCv)
  A wolf (IceCv)
  An orc (D:11)
  4 fungi
7 creatures vanquished.

Grand Total: 521 creatures vanquished

Notes
Turn   | Place    | Note
--------------------------------------------------------------
     0 | D:1      | JudasIscariot the Troll Monk began the quest for the Orb.
     0 | D:1      | Reached XP level 1. HP: 22/22 MP: 0/0
   374 | D:1      | Reached XP level 2. HP: 25/29 MP: 1/1
   794 | D:2      | Noticed Ijyb
   807 | D:2      | Killed Ijyb
   807 | D:2      | Reached XP level 3. HP: 29/36 MP: 2/2
  1008 | D:2      | Reached XP level 4. HP: 44/44 MP: 3/3
  1022 | D:2      | Reached skill level 5 in Unarmed Combat
  1405 | D:2      | Found an ancient bone altar of Kikubaaqudgha.
  1720 | D:3      | Reached XP level 5. HP: 50/53 MP: 4/4
  1731 | D:3      | Found a sacrificial altar of Ru.
  2060 | D:4      | Noticed an ogre
  2069 | D:4      | Killed an ogre
  2223 | D:4      | Noticed JudasIscariot's ghost (amateur DsBe)
  2241 | D:4      | Killed JudasIscariot's ghost
  2241 | D:4      | Reached XP level 6. HP: 28/62 MP: 5/5
  2498 | D:4      | Reached skill level 6 in Unarmed Combat
  2757 | D:5      | Entered Level 5 of the Dungeon
  2783 | D:5      | Reached XP level 7. HP: 54/68 MP: 6/6
  2954 | D:5      | Reached skill level 5 in Dodging
  3179 | D:5      | Found a shattered altar of Ashenzari.
  3487 | D:6      | Found a sand-covered staircase.
  3494 | Ossuary  | Entered an ossuary
  3626 | Ossuary  | Noticed a wraith
  3626 | Ossuary  | Noticed a flying skull
  3636 | Ossuary  | Noticed a flying skull
  3637 | Ossuary  | Noticed a flying skull
  3662 | Ossuary  | Noticed a flying skull
  3663 | Ossuary  | Noticed a flying skull
  3675 | Ossuary  | Reached XP level 8. HP: 64/79 MP: 7/7
  3691 | Ossuary  | Noticed a wraith
  3701 | Ossuary  | Killed a wraith
  3701 | Ossuary  | Reached skill level 7 in Unarmed Combat
  3716 | Ossuary  | Noticed a wraith
  3728 | Ossuary  | Killed a wraith
  3955 | D:6      | Noticed Grinder
  3975 | D:6      | Killed Grinder
  3975 | D:6      | Reached skill level 5 in Fighting
  4047 | D:6      | Reached skill level 8 in Unarmed Combat
  4083 | D:6      | Noticed Sigmund
  4156 | D:6      | Found a radiant altar of Vehumet.
  4213 | D:6      | Killed Sigmund
  4213 | D:6      | Reached XP level 9. HP: 82/88 MP: 8/8
  4428 | D:7      | Noticed Joseph
  4468 | D:7      | Killed Joseph
  4468 | D:7      | HP: 4/89 [killer bee zombie (4)]
  4746 | D:7      | Noticed Prince Ribbit
  4757 | D:7      | Killed Prince Ribbit
  4757 | D:7      | Reached skill level 9 in Unarmed Combat
  4985 | D:7      | Found a staircase to the Ecumenical Temple.
  5003 | Temple   | Entered the Ecumenical Temple
  5404 | D:7      | Found a basalt altar of Yredelemnul.
  5544 | D:7      | Reached XP level 10. HP: 72/100 MP: 9/9
  5621 | D:8      | Found Kealotoc's Antique Armour Emporium.
  6113 | D:8      | HP: 5/100 [something (5)]
  6830 | D:9      | Reached skill level 10 in Unarmed Combat
  6883 | D:9      | Noticed a hill giant
  7034 | D:9      | Killed a hill giant
  7196 | D:9      | Found a stormy altar of Qazlal.
  7219 | D:9      | Found a burning altar of Makhleb.
  7220 | D:9      | Noticed a cacodemon
  7227 | D:9      | Became a worshipper of Makhleb the Destroyer
  7227 | D:9      | Reached * piety under Makhleb
  7227 | D:9      | Reached ** piety under Makhleb
  7269 | D:10     | Entered Level 10 of the Dungeon
  7314 | D:10     | Found Omiris's General Store.
  7334 | D:10     | Bought a potion of degeneration for 11 gold pieces
  7334 | D:10     | Bought the ring "Sacukk" {rElec rN++ Dex+4 SInv Stlth-} for 511 gold pieces
  8030 | D:11     | Reached skill level 1 in Invocations
  8071 | D:11     | Noticed a hill giant
  8079 | D:11     | Killed a hill giant
  8079 | D:11     | Reached XP level 11. HP: 56/109 MP: 10/10
  8104 | D:11     | Noticed a soul eater
  8110 | D:11     | Gained mutation: You are frail (-10% HP). [a neqoxec]
  8111 | D:11     | Gained mutation: You are clumsy. (Dex -2) [a neqoxec]
  8262 | D:11     | Paralysed by a wasp for 2 turns
  8276 | D:11     | Found a staircase to the Orcish Mines.
  8386 | D:11     | Noticed a cyan ugly thing
  8404 | D:11     | Reached *** piety under Makhleb
  8422 | D:11     | Killed a cyan ugly thing
  8429 | D:11     | Gained mutation: You are surrounded by a mild repulsion field (EV +2). [mutagenic meat]
  8483 | D:11     | Noticed a hill giant
  8505 | D:11     | Killed a hill giant
  8505 | D:11     | Reached skill level 10 in Dodging
  8505 | D:11     | Reached skill level 11 in Unarmed Combat
  8619 | D:11     | Found a staircase to the Lair.
  8654 | Lair:1   | Entered Level 1 of the Lair of Beasts
  9491 | Lair:2   | Reached **** piety under Makhleb
  9553 | Lair:2   | Learned a level 2 spell: Stoneskin
  9885 | Lair:2   | Gained mutation: You have a pair of small horns on your head. [potion of beneficial mutation]
  9889 | Lair:2   | Gained mutation: You have an increased reservoir of magic (+10% MP). [potion of mutation]
 10120 | Lair:2   | Reached XP level 12. HP: 61/109 MP: 14/14
 10646 | Lair:3   | Reached ***** piety under Makhleb
 10723 | Lair:3   | Noticed a catoblepas
 10739 | Lair:3   | Killed a catoblepas
 10944 | Lair:3   | Noticed Rupert
 10948 | Lair:3   | Paralysed by Rupert for 3 turns
 10961 | Lair:3   | Killed Rupert
 10961 | Lair:3   | Reached skill level 12 in Unarmed Combat
 11114 | Lair:3   | Learned a level 3 spell: Mephitic Cloud
 12159 | Lair:5   | Found a staircase to the Swamp.
 12607 | Lair:5   | Reached skill level 1 in Air Magic
 12949 | Lair:5   | Reached skill level 1 in Spellcasting
 13026 | Lair:6   | Reached ****** piety under Makhleb
 13098 | Lair:6   | Got a shimmering gossamer ring
 13100 | Lair:6   | Identified the ring of Pegoolif {Str+4 Dex+2} (You found it on level 6 of the Lair of Beasts)
 13139 | Lair:6   | Found a frozen archway.
 13162 | IceCv    | Entered an ice cave
 13171 | IceCv    | Reached XP level 13. HP: 84/117 MP: 10/16
 13854 | Lair:6   | Reached skill level 5 in Invocations
 14024 | Lair:6   | Found a staircase to the Snake Pit.
 14384 | Lair:6   | Found a shattered altar of Ashenzari.
 14951 | Lair:7   | Found a viscous altar of Jiyva.
 14951 | Lair:7   | Found a staircase to the Slime Pits.
 15550 | Lair:8   | Entered Level 8 of the Lair of Beasts
 15772 | Lair:8   | Killed from afar by a fire drake

Action                   |  1- 3 |  4- 6 |  7- 9 | 10-12 | 13-15 || total
-------------------------+-------+-------+-------+-------+-------++-------
Melee: Unarmed           |    56 |   150 |   406 |   832 |   320 ||  1764
Invok: Major Destruction |       |       |       |     2 |     1 ||     3
       Lesser Servant of |       |       |       |     1 |     2 ||     3
       Minor Destruction |       |       |       |     1 |       ||     1
Evoke: Wand              |       |       |       |     1 |     1 ||     2
  Use: Scroll            |       |     1 |       |    23 |     4 ||    28
       Potion            |       |       |     3 |     8 |     5 ||    16
 Stab: Sleeping          |     3 |       |    10 |     1 |       ||    14
       Distracted        |       |     1 |     1 |       |       ||     2
  Eat: Chunk             |    13 |    14 |    32 |    80 |    28 ||   167
